 Dungeon Crawl Stone Soup version 0.30-a0-862-g1aabd4f9c5 (webtiles) character file.

Game seed: 14351201737794774855

2742 IdlyInterested the Carver (level 9, -4/102 HPs)
             Began as a Demonspawn Fighter on Mar 8, 2023.
             Was an Initiate of Dithmenos.
             Slain by a hornet (5 damage)
             ... on level 8 of the Dungeon.
             The game lasted 00:28:06 (8839 turns).

IdlyInterested the Carver (Demonspawn Fighter)      Turns: 8839, Time: 00:28:06

Health: -4/102     AC: 15    Str: 17    XL:     9   Next: 41%
Magic:  9/9        EV: 11    Int:  9    God:    Dithmenos [......]
Gold:   21         SH:  6    Dex: 17    Spells: 8/8 levels left

rFire   + + +      SeeInvis .    a - +0 long sword (elec)
rCold   . . .      Faith    .    c - +0 buckler
rNeg    . . .      Spirit   .    N - +2 ring mail {rF+}
rPois   .          Reflect  .    (helmet restricted)
rElec   .          Rampage  .    i - +0 cloak
rCorr   .                        q - +0 pair of gloves of Negligence {rF+}
Will    .....                    D - +0 pair of boots Stlth
                                 m - amulet of magic regeneration
HPRegen 0.37/turn                n - ring of protection from fire
MPRegen 0.62/turn                o - +4 ring of protection

@: mighty, berserking, lethally poisoned (-4 -> -9), marked, slowed
A: antennae 1, magic regeneration, sturdy frame 1, demonic magic 1
a: Renounce Religion


You were on level 8 of the Dungeon.
You worshipped Dithmenos.
Dithmenos was noncommittal.
You visited 2 branches of the dungeon, and saw 9 of its levels.

You collected 405 gold pieces.
You spent 384 gold pieces at shops.

Inventory:

Hand Weapons
 a - a +0 long sword of electrocution (weapon)
 b - a +2 dagger of pain
 u - a +2 short sword of venom
 L - the +0 short sword "Lauceuj" {freeze, rPois rC++}
   (You found it on level 6 of the Dungeon)

   rC:        It greatly protects you from cold.
   rPois:     It protects you from poison.
Missiles
 e - 59 stones (quivered)
 j - 3 boomerangs
 A - 22 poisoned darts
 M - a curare-tipped dart
Armour
 c - a +0 buckler (worn)
 i - a +0 cloak (worn)
 p - a scarf of invisibility
 q - the +0 pair of gloves of Negligence (worn) {rF+}
   (You found it on level 3 of the Dungeon)

   rF:        It protects you from fire.
 v - an orb of guile
 D - a +0 pair of boots (worn)
 F - +0 steam dragon scales
 N - a +2 ring mail of fire resistance (worn)
Magical Staves
 I - a staff of fire
 K - a staff of cold
Jewellery
 m - an amulet of magic regeneration (around neck)
 n - a ring of protection from fire (left hand)
 o - a +4 ring of protection (right hand)
Wands
 B - a wand of light (26)
 C - a wand of roots (17)
Scrolls
 g - a scroll of fear
 s - 2 scrolls of enchant armour
 t - a scroll of brand weapon
 w - 2 scrolls of blinking
 x - 3 scrolls of magic mapping
 y - 2 scrolls of enchant weapon
 z - 3 scrolls of teleportation
 J - a scroll of silence
Potions
 d - 2 potions of might
 h - 4 potions of curing
 k - a potion of resistance
 r - a potion of mutation
 E - 2 potions of flight {unknown}
 G - a potion of invisibility
 H - a potion of attraction


   Skills:
 - Level 5.0 Fighting
 * Level 3.9(6.8) Short Blades
 - Level 8.8(9.2) Long Blades
 - Level 1.0 Throwing
 - Level 3.0 Armour
 - Level 2.0 Dodging
 + Level 2.2 Stealth
 - Level 5.0 Shields
 - Level 2.0 Evocations


You had 8 spell levels left.
You didn't know any spells.
Your spell library contained the following spells:

 Spells                   Type           Power      Damage    Failure   Level
 Blink                    Tloc           0%         N/A       71%         2
 Cigotuvi's Dreadful Rot  Necr/Pois/Air  0%         N/A       71%         2
 Lesser Beckoning         Tloc           0%         N/A       71%         2
 Momentum Strike          Conj/Tloc      0%         3d8       71%         2
 Poisonous Vapours        Pois/Air       0%         N/A       71%         2
 Mephitic Cloud           Conj/Pois/Air  0%         N/A       91%         3
 Ozocubu's Armour         Ice            0%         N/A       91%         3
 Metabolic Englaciation   Hex/Ice        0%         N/A       100%        5
 Simulacrum               Ice/Necr       0%         N/A       100%        6


Dungeon Overview and Level Annotations

Branches:
Dungeon (8/15)             Temple (1/1) D:5
   Lair: D:8-11

Altars:
Ashenzari
Cheibriados
Dithmenos
Fedhas
Gozag
Hepliaklqana
Kikubaaqudgha
Makhleb
Nemelex Xobeh
Okawaru
Qazlal
Ru
Sif Muna
Trog
Uskayaw
Wu Jian
Yredelemnul

Shops:
D:3 (   D:5 ?   D:6 ?


Innate Abilities, Weirdness & Mutations

You have a pair of small antennae on your head.
You regenerate magic rapidly.
Your movements are slightly less encumbered by armour. (ER -2)
Spells you cast may paralyse adjacent enemies.


Message History

You feel yourself moving faster!
You feel mighty!
You feel very sick. The vampire mosquito barely misses you.
The hornet stings you but does no damage.
The vampire mosquito bites you but does no damage.
The hornet stings you!
* * * LOW HITPOINT WARNING * * *
You feel as though you will be slow longer.
The vampire mosquito closely misses you.
A sky beast comes into view.
A kobold brigand comes into view.
It is wielding a +0 rapier and quivering poisoned darts.
You slash the hornet!
The hornet is heavily wounded.
You feel very sick. The vampire mosquito bites you.
* * * LOW HITPOINT WARNING * * *
The vampire mosquito draws strength from your injuries!
The hornet stings you but does no damage.
You block the vampire mosquito's attack.
The hornet stings you but does no damage.
A steam dragon comes into view.
You miss the hornet.
The hornet is heavily wounded.
You feel very sick.
The vampire mosquito completely misses you.
The hornet stings you!
* * * LOW HITPOINT WARNING * * *
You feel as though you will be slow longer.
You block the vampire mosquito's attack.
A centaur warrior comes into view. It is wielding a staff of air.
You closely miss the hornet.
The hornet is heavily wounded.
* * * LOW HITPOINT WARNING * * *
You feel sick. The vampire mosquito bites you.
* * * LOW HITPOINT WARNING * * *
The vampire mosquito draws strength from your injuries!
You block the hornet's attack.
The vampire mosquito closely misses you.
The hornet stings you.
You die...

#....<.....###
#....###..D..#
##... #...cK#
##.. ###c#Y# ##
#.. .#f# ##.. #..
.#J####...#
#D##...#.#
#y#{..##.#
#@#z#.##.#
#.yz..##.#
###.#.##.#######
...#..........#
..#######.#####.#
#. #.#####'### #
#.#........
#.#.......#
#.#..######


You could see a hornet, a steam dragon, a vampire mosquito, a sky beast, a
kobold brigand, a sleepcap, a centaur, a jelly and a wight.

Vanquished Creatures
  Maggie (D:7)
  A steam dragon (D:7)
  A black bear (D:7)
  3 ogres
  4 centaurs
  3 kobold brigands
  2 bullfrogs
  4 scorpions
  4 wights (D:8)
  3 howler monkeys (D:7)
  2 hounds
  4 jellies
  An orc priest (D:7)
  A sleepcap (D:5)
  A gnoll bouda (D:5)
  4 iguanas
  3 orc wizards
  9 gnolls
  13 adders
  A shadow imp (D:6)
  A white imp (D:7)
  2 ufetubi
  3 worms
  A dart slug (D:5)
  22 orcs
  5 endoplasms
  A giant cockroach (D:3)
  15 goblins
  7 hobgoblins
  33 kobolds
  4 quokkas
  11 ball pythons
  7 bats
  A frilled lizard (D:2)
  6 rats
184 creatures vanquished.

Vanquished Creatures (others)
  An orc (D:8)
  4 plants (D:5)
5 creatures vanquished.

Grand Total: 189 creatures vanquished

Notes
Turn   | Place    | Note
-------+----------+-------------------------------------------
     0 | D:1      | IdlyInterested the Demonspawn Fighter began the quest for
                  | the Orb.
     0 | D:1      | Reached XP level 1. HP: 18/18 MP: 1/1
   324 | D:1      | Reached skill level 2 in Long Blades
   327 | D:1      | Gained mutation: You regenerate magic rapidly. [demonic
                  | ancestry]
   327 | D:1      | Reached XP level 2. HP: 24/24 MP: 2/2
   454 | D:1      | Reached skill level 1 in Throwing
  1140 | D:2      | Reached skill level 1 in Evocations
  1140 | D:2      | Gained mutation: You have a pair of small antennae on your
                  | head. [demonic ancestry]
  1140 | D:2      | Reached XP level 3. HP: 23/29 MP: 3/3
  1272 | D:2      | Reached skill level 1 in Stealth
  1331 | D:2      | Reached XP level 4. HP: 33/35 MP: 4/4
  1492 | D:2      | Reached skill level 1 in Dodging
  1591 | D:2      | Reached skill level 3 in Long Blades
  2072 | D:3      | Identified the +0 pair of gloves of Negligence {rF+}
  2391 | D:3      | Found Siutet's Antique Weapon Shop.
  2451 | D:3      | Gained mutation: Your movements are slightly less
                  | encumbered by armour. (ER -2) [demonic ancestry]
  2451 | D:3      | Reached XP level 5. HP: 21/41 MP: 5/5
  3135 | D:4      | You fall into a shaft and drop 2 floors!
  3166 | D:5      | Entered Level 5 of the Dungeon
  3166 | D:5      | Found Gyhec's Magic Scroll Shoppe.
  3170 | D:5      | Bought a scroll of magic mapping for 82 gold pieces
  3170 | D:5      | Bought a scroll of enchant weapon for 82 gold pieces
  3332 | D:6      | Reached skill level 4 in Long Blades
  3382 | D:6      | Reached XP level 6. HP: 39/48 MP: 6/6
  3463 | D:6      | Found Wusoit's Magic Scroll Emporium.
  3716 | D:5      | Reached skill level 5 in Long Blades
  3831 | D:4      | Reached XP level 7. HP: 54/54 MP: 7/7
  3905 | D:4      | Found an ornate altar of the Wu Jian Council.
  4340 | D:4      | Found a sacrificial altar of Ru.
  4737 | D:5      | Reached skill level 6 in Long Blades
  5085 | D:5      | Found a staircase to the Ecumenical Temple.
  5095 | Temple   | Entered the Ecumenical Temple
  5400 | D:5      | Reached XP level 8. HP: 27/60 MP: 8/8
  5803 | D:6      | Found an ancient bone altar of Kikubaaqudgha.
  5902 | D:6      | Reached skill level 7 in Long Blades
  6220 | D:6      | Identified the +0 short sword "Lauceuj" {freeze, rPois
                  | rC++}
  6449 | D:6      | Bought a scroll of enchant armour for 97 gold pieces
  6609 | D:7      | Noticed Maggie
  6621 | D:7      | HP: 2/60 [Maggie/+3 glaive of freezing (4)]
  6625 | D:7      | Killed Maggie
  6839 | D:7      | Reached skill level 8 in Long Blades
  7098 | D:7      | Reached skill level 5 in Fighting
  7385 | D:7      | Gained mutation: Spells you cast may paralyse adjacent
                  | enemies. [demonic ancestry]
  7385 | D:7      | Reached XP level 9. HP: 65/68 MP: 9/9
  7874 | D:7      | Reached skill level 1 in Short Blades
  8226 | Temple   | Became a worshipper of Dithmenos the Shadowed
  8368 | D:8      | Found a broken altar of Ashenzari.
  8554 | D:6      | Bought a scroll of silence for 123 gold pieces
  8750 | D:8      | Reached skill level 5 in Shields
  8838 | D:8      | HP: 4/102 [hornet (7)]
  8839 | D:8      | Noticed a centaur warrior
  8839 | D:8      | HP: 1/102 [vampire mosquito (1)]
  8839 | D:8      | Slain by a hornet

Illustrated notes

Levels and vault maps discovered:
D:1:      dpeg_arrival_circle_labyrinth_c, layout_basic
D:2:      minmay_kobold_bridge, layout_basic
D:3:      minmay_chambers_of_twos, layout_loops_cross, serial_shops, shop,
          chequers_serial_rivers_micro_b, kennysheep_path_1
D:4:      layout_loops_cross, mainiacjoe_overflow_brackets,
          nicolae_ru_path_of_blood
D:5:      layout_loops_ring, minmay_temple_entry_overgrown, serial_shops,
          nicolae_take_the_stairs, minmay_ogre_servants
D:6:      layout_loops_corners, lemuel_zombie_altar_kikubaaqudgha, serial_shops,
          nicolae_lakefront_shop
D:7:      layout_loops_corners, elyvilon_altar_3, uniq_maggie
D:8:      minmay_the_grid_octo_triangle [minmay_the_grid_octo_checkered,
          minmay_the_grid_octo_prize_single_spiral,
          minmay_the_grid_octo_odd_swirl], layout_basic,
          mainiacjoe_overflow_catch_the_wave, grunt_ministairs_11,
          hangedman_decor_opposing
Temple:   nicolae_temple_bog_church

Skill      XL: |  1  2  3  4  5  6  7  8  9 |
---------------+----------------------------+-----
Long Blades    | 2 3 4 5 6 8 |  8.8
Armour         | 3 |  3.0
Throwing       | 1 |  1.0
Evocations     | 1 2 |  2.0
Stealth        | 1 2 |  2.2
Dodging        | 1 2 |  2.0
Shields        | 3 4 5 |  5.0
Fighting       | 4 5 |  5.0
Short Blades   | 3 |  3.9

Action                     |  1- 3 |  4- 6 |  7- 9 || total
---------------------------+-------+-------+-------++-------
  Melee: Long sword        |   105 |   213 |   309 ||   627
         Short sword       |       |       |    92 ||    92
  Throw: Stone             |       |     5 |    12 ||    17
  Evoke: Wand              |       |       |     3 ||     3
    Use: Scroll            |     6 |     5 |     9 ||    20
         Potion            |       |     2 |     7 ||     9
   Stab: Distracted        |       |       |     1 ||     1
         Sleeping          |       |       |     1 ||     1
 Armour: Plate armour      |   103 |   146 |   235 ||   484
         Steam dragon scal |       |       |    39 ||    39
         Ring mail         |       |       |    18 ||    18
  Dodge: Dodged            |    20 |    67 |   152 ||   239
  Block: Buckler           |    29 |    40 |   111 ||   180

Table legend: (Time is in decaauts)
 A = Elapsed time spent in this place.
 B = Non-inter-level travel time spent in this place.
 C = Inter-level travel time spent in this place.
 D = Time resting spent in this place.
 E = Time spent auto-exploring this place.
 F = Levels seen in this place.
 G = Mean time per level.
                   A        B        C        D        E       F      G
               +--------+--------+--------+--------+--------+-----+--------+
         Total |   8947 |   7538 |   1409 |   1027 |   4380 |   9 |  994.1 |
       Dungeon |   8743 |   7359 |   1384 |   1027 |   4219 |   8 | 1092.9 |
        Temple |    204 |    180 |     24 |      0 |    161 |   1 |  204.0 |
               +--------+--------+--------+--------+--------+-----+--------+

Top non-repeatable levels by time:
     D:6: 1625 daAuts
     D:7: 1622 daAuts
     D:2: 1366 daAuts
     D:5: 1204 daAuts
     D:3: 967 daAuts
     D:1: 882 daAuts
     D:4: 810 daAuts
     D:8: 264 daAuts
  Temple: 204 daAuts
